 Dungeon Crawl Stone Soup version 0.29.1-15-g9cfb28693d (webtiles) character file.

Game seed: 11798055973117723272

257 themostdcss the Chiller (level 6, -2/32 HPs)
             Began as a Gargoyle Ice Elementalist on Mar 21, 2023.
             Slain by a bullfrog (4 damage)
             ... in a sewer.
             The game lasted 00:06:04 (3554 turns).

themostdcss the Chiller (Gargoyle Ice Elementalist) Turns: 3554, Time: 00:06:05

Health: -2/32      AC:  7    Str: 12    XL:     6   Next: 16%
Magic:  12/12      EV:  8    Int: 17    God:
Gold:   191        SH:  0    Dex: 10    Spells: 6/13 levels left

rFire   . . .      SeeInvis .   v - +0 morningstar
rCold   . . .      Faith    .   (no shield)
rNeg    + . .      Spirit   .   a - +0 robe
rPois   ∞          Reflect  .   (no helmet)
rElec   +          Harm     .   p - +0 cloak
rCorr   .          Rampage  .   (no gloves)
Will    .....                   (no boots)
Stlth   +.........              (no amulet)
HPRegen 0.10/turn               (no ring)
MPRegen 0.13/turn               (no ring)

@: constricted, very slow
A: sickness immunity, AC +4, negative energy resistance 1, electricity
resistance, torment resistance 1, petrification resistance
a: no special abilities


You were in a sewer.
You visited 1 branch of the dungeon, and saw 3 of its levels.
You also visited: Sewer.

You collected 191 gold pieces.

Inventory:

Hand Weapons
 d - a +0 dagger
 v - a +0 morningstar (weapon)
Armour
 a - a +0 robe (worn)
 p - a +0 cloak (worn)
Scrolls
 c - a scroll of enchant armour {unknown}
 e - 4 scrolls of identify {unknown}
 g - 3 scrolls of summoning {unknown}
 h - a scroll of enchant weapon {unknown}
 j - 2 scrolls of poison {unknown}
 k - a scroll of vulnerability {unknown}
 l - a scroll of blinking {unknown}
 n - a scroll of butterflies {unknown}
 r - 3 scrolls of teleportation {unknown}
 t - a scroll of silence {unknown}
 u - a scroll of brand weapon {unknown}
 x - a scroll of fear {unknown}
Potions
 b - a potion of magic
 f - 4 potions of heal wounds {unknown}
 i - 6 potions of curing {unknown}
 m - 2 potions of flight {unknown}
 o - a potion of might {unknown}
 q - 2 potions of degeneration {unknown}
 s - a potion of attraction {unknown}
 w - a potion of berserk rage {unknown}
 z - a potion of invisibility {unknown}


   Skills:
 - Level 1.5 Dodging
 - Level 2.1 Stealth
 + Level 4.0 Spellcasting
 * Level 6.1 Ice Magic


You had 6 spell levels left.
You knew the following spells:

 Your Spells              Type           Power      Damage    Failure   Level
a - Freeze                Ice            96%        1d11      1%          1
b - Frozen Ramparts       Ice            48%        1d8       3%          3
c - Ozocubu's Armour      Ice            24%        N/A       3%          3

Your spell library contained the following spells:

 Spells                   Type           Power      Damage    Failure   Level
 Hailstorm                Conj/Ice       13%        3d5       41%         4
 Gell's Gravitas          Tloc           3%         N/A       43%         3
 Teleport Other           Tloc           3%         N/A       43%         3
 Dispersal                Tloc           1%         N/A       100%        6
 Ozocubu's Refrigeration  Ice            12%        4d10      100%        7


Dungeon Overview and Level Annotations

Branches:
Dungeon (3/15)              Sewer (1/1)

Altars:


Innate Abilities, Weirdness & Mutations

You are immune to sickness and miasma.
Your stone body is resilient. (AC +4)
You are immune to poison.
You resist negative energy. (rN+)
You are resistant to electric shocks. (rElec)
You are resistant to unholy torment.
You are immune to petrification.


Message History

The frilled lizard closely misses you. The frilled lizard bites you.
The adder misses you. The bullfrog hits you.
You hit the bullfrog but do no damage. The adder misses you.
The bullfrog closely misses you. The adder bites you but does no damage.
The frilled lizard bites you but does no damage.
The frilled lizard closely misses you. The adder bites you but does no damage.
The ball python bites you but does no damage.
The ball python closely misses you. The ball python completely misses you.
The ball python barely misses you. The bullfrog misses you.
The adder bites you. The frilled lizard bites you.
The frilled lizard closely misses you. The adder attacks as you move away!
The adder bites you but does no damage.
The frilled lizard attacks as you move away!
The frilled lizard bites you. The adder bites you but does no damage.
The bullfrog barely misses you.
The ball python bites you but does no damage.
The ball python grabs you. The ball python constricts you.
The ball python bites you. The adder barely misses you.
The bullfrog barely misses you. The adder closely misses you.
The ball python bites you but does no damage.
The ball python bites you. The ball python constricts you.
The ball python barely misses you. The ball python closely misses you.
The adder bites you.
Your unstable footing causes you to fumble your attack.
The bullfrog hits you.
* * * LOW HITPOINT WARNING * * *
The adder barely misses you. The ball python barely misses you.
The ball python bites you but does no damage.
The ball python constricts you.
The ball python bites you but does no damage.
The bullfrog closely misses you.
The ball python bites you but does no damage.
The adder bites you.
* * * LOW HITPOINT WARNING * * *
The adder closely misses you. The ball python barely misses you.
The ball python bites you.
* * * LOW HITPOINT WARNING * * *
The ball python bites you but does no damage.
The ball python constricts you. The bullfrog hits you.
You die...

# ###################
...#~~≈lF≈≈~≈~≈≈≈~~..###
....~≈~FSS..~≈≈~≈≈~....##
...~~~lS@≈≈≈≈~~~~~≈~....#
....≈~~SSS≈≈≈≈≈~~~~~....#
....≈≈≈≈l≈≈≈≈≈≈~≈~~.....#
...#≈~≈≈≈≈≈≈≈≈≈≈≈≈~..†††.
+# ##################....
####... #..#... #..'...
#####..


You could see 2 bullfrogs, 2 adders, 4 ball pythons and 3 frilled lizards.

Vanquished Creatures
  An iguana (D:3)
  11 adders
  5 river rats (Sewer)
  A worm (D:3)
  3 dart slugs
  An orc (D:3)
  2 bats
  2 endoplasms (D:2)
  5 giant cockroaches
  4 goblins
  6 hobgoblins
  4 jackals (D:1)
  2 quokkas
  6 ball pythons
  4 frilled lizards
  7 kobolds
  21 rats
85 creatures vanquished.

Notes
Turn   | Place    | Note
-------+----------+-------------------------------------------
     0 | D:1      | themostdcss the Gargoyle Ice Elementalist began the quest
                  | for the Orb.
     0 | D:1      | Reached XP level 1. HP: 10/10 MP: 3/3
   146 | D:1      | Found a faded altar of an unknown god.
   171 | D:1      | Reached XP level 2. HP: 12/15 MP: 0/5
  1387 | D:2      | Reached XP level 3. HP: 19/19 MP: 2/7
  1459 | D:2      | Learned a level 3 spell: Frozen Ramparts
  1463 | D:2      | Learned a level 3 spell: Ozocubu's Armour
  2193 | D:2      | Reached XP level 4. HP: 24/24 MP: 4/8
  2460 | D:3      | Reached skill level 5 in Ice Magic
  2471 | D:3      | Reached XP level 5. HP: 10/28 MP: 2/10
  2838 | D:3      | Found a glowing drain.
  2943 | Sewer    | Entered a sewer
  3395 | Sewer    | Reached XP level 6. HP: 24/32 MP: 7/11
  3397 | Sewer    | Reached skill level 6 in Ice Magic
  3554 | Sewer    | Slain by a bullfrog

Illustrated notes

Levels and vault maps discovered:
D:1:      dpeg_arrival_lava_altar, layout_basic,
          hellmonk_ecumenical_altar_dog_temple, feat_on_display
D:2:      layout_basic, minmay_crystal_water, minmay_fractal_squares_gapless_5
D:3:      layout_loops_ring, mainiacjoe_overflow_24_doors, portal_sewer_entry_c,
          uniq_robin
Sewer:    sewer_minmay_w

Skill      XL: |  1  2  3  4  5  6 |
---------------+-------------------+-----
Spellcasting   | 3 4 |  4.0
Ice Magic      | 5 6 |  6.1
Dodging        | |  1.5
Stealth        | |  2.1

Action                   |  1- 3 |  4- 6 || total
-------------------------+-------+-------++-------
Melee: Unarmed           |    16 |       ||    16
       Dagger            |    38 |    15 ||    53
       Morningstar       |       |    63 ||    63
       Punch             |       |     2 ||     2
 Cast: Freeze            |    42 |    36 ||    78
       Frozen Ramparts   |     2 |     3 ||     5
 Stab: Sleeping          |     4 |       ||     4
Armor: Robe              |    30 |    54 ||    84
Dodge: Dodged            |    50 |   122 ||   172
